AoeStats
← Chris P. Bacon

Arabia

505408960Analyzed
1v1 RM · 24d ago on Sep 9, 2026· 15m 27s· 2 players
Game mode
Random Map
Map size
Tiny (2 player)
Population
200
Speed
Normal
Resources
Standard
Victory
Conquest
Starting age
Dark Age
Ending age
Imperial Age
RankedLock teamsTeams togetherTeam positionsShared explorationLock speedFull tech treeHidden civsTurbo modeCheats
Victory
Defeat
🇨🇿 Magyars · Czechia
940
+15
🇩🇪 Franks · Germany
912
-42
Chris P. Bacon
0:32 Loom
11:07 Feudal Age
11:37 Double-Bit Axe
12:30 Wheelbarrow
14:57 Man-at-Arms
Liverboy
10:12 Feudal Age
10:34 Man-at-Arms
11:07 Double-Bit Axe
15:43 Arson
Connection lost

Rejoining the realm…

Still unreachable

The connection could not be restored.

Session expired

The server has moved on; the page needs a fresh start.